 Dungeon Crawl Stone Soup version 0.28-a0-313-gbc0475efdd (webtiles) character file.

Game seed: 10337108817451025905

94 voltaire321 the Digger (level 4, -2/25 HPs)
             Began as a Gargoyle Earth Elementalist on Aug 31, 2021.
             Slain by a scorpion (4 damage)
             ... on level 3 of the Dungeon.
             The game lasted 00:08:44 (3064 turns).

voltaire321 the Digger (GrEE)                       Turns: 3064, Time: 00:08:44

Health: -2/25      AC:  9    Str: 11    XL:     4   Next: 63%
Magic:  4/7        EV: 10    Int: 17    God:
Gold:   99         SH:  0    Dex: 10    Spells: 1/7 levels left

rFire   . . .      SeeInvis .   i - +2 whip (elec)
rCold   . . .      Faith    .   (no shield)
rNeg    + . .      Spirit   .   h - +0 ring mail
rPois   ∞          Reflect  .   j - +0 helmet
rElec   +          Harm     .   (no cloak)
rCorr   .          Rampage  .   (no gloves)
Will    .....                   (no boots)
Stlth   +.........              (no amulet)
HPRegen 0.08/turn               (no ring)
MPRegen 0.10/turn               (no ring)

@: no status effects
A: sickness immunity, AC +3, negative energy resistance 1, electricity
resistance, torment resistance 1, petrification resistance
a: no special abilities


You were on level 3 of the Dungeon.
You visited 1 branch of the dungeon, and saw 3 of its levels.

You collected 99 gold pieces.

Inventory:

Hand Weapons
 i - a +2 whip of electrocution (weapon)
Missiles
 c - 124 stones
Armour
 h - a +0 ring mail (worn)
 j - a +0 helmet (worn)
Scrolls
 a - 2 scrolls of amnesia {unknown}
 d - 4 scrolls of identify {unknown}
 g - a scroll of holy word {unknown}
Potions
 b - a potion of might {unknown}
 e - 2 potions of lignification {unknown}
 f - a potion of heal wounds {unknown}


   Skills:
 + Level 1.5 Fighting
 + Level 0.1 Maces & Flails
 + Level 1.4 Armour
 + Level 2.1 Dodging
 - Level 2.1 Stealth
 + Level 2.3 Spellcasting
 + Level 0.8 Conjurations
 + Level 1.5 Transmutations
 + Level 4.1 Earth Magic


You had one spell level left.
You knew the following spells:

 Your Spells              Type           Power      Damage    Failure   Level
a - Sandblast             Erth           30%        2d9       9%          1
b - Passwall              Tmut/Erth      9%         N/A       22%         2
c - Stone Arrow           Conj/Erth      20%        3d8       43%         3

Your spell library contained the following spells:

 Spells                   Type           Power      Damage    Failure   Level
 Petrify                  Tmut/Erth      11%        N/A       80%         4


Dungeon Overview and Level Annotations

Branches:
Dungeon (3/15)

Altars:
Nemelex Xobeh


Innate Abilities, Weirdness & Mutations

You are immune to sickness and miasma.
Your stone body is resilient. (AC +3)
You are immune to poison.
You resist negative energy. (rN+)
You are resistant to electric shocks. (rElec)
You are resistant to unholy torment.
You are immune to petrification.


Message History

You hit the scorpion.
The scorpion is lightly wounded.
The scorpion stings you.
You hit the scorpion but do no damage.
The scorpion is lightly wounded.
The scorpion closely misses you.
You barely miss the scorpion.
The scorpion is lightly wounded.
The scorpion stings you!
* * * LOW HITPOINT WARNING * * *
The scorpion stings you.
* * * LOW HITPOINT WARNING * * *
The scorpion stings you.
* * * LOW HITPOINT WARNING * * *
Casting: Sandblast (safe; 9% risk of failure)
Confirm with . or Enter, or press ? or * to list all spells.
Aiming: Sandblast (safe; 9% risk of failure)
Press: ? - help, Shift-Dir - straight line, f - scorpion
Aim: a scorpion (lightly wounded, 79% to hit)
The blast of sand hits the scorpion.
The scorpion is heavily wounded.
The scorpion stings you but does no damage.
Casting: Sandblast (safe; 9% risk of failure)
Confirm with . or Enter, or press ? or * to list all spells.
Aiming: Sandblast (safe; 9% risk of failure)
Press: ? - help, Shift-Dir - straight line, f/p - scorpion
Aim: a scorpion (heavily wounded, 79% to hit)
The blast of sand hits the scorpion but does no damage.
The scorpion is heavily wounded.
The scorpion stings you.
* * * LOW HITPOINT WARNING * * *
Casting: Sandblast (safe; 9% risk of failure)
Confirm with . or Enter, or press ? or * to list all spells.
Aiming: Sandblast (safe; 9% risk of failure)
Press: ? - help, Shift-Dir - straight line, f/p - scorpion
Aim: a scorpion (heavily wounded, 79% to hit)
The blast of sand hits the scorpion.
The scorpion is severely wounded.
The scorpion stings you.
You die...

########.#
#.# #.# #.#
#.# #.# #.#
#s# #@#
#######.#####
............#
###########.#
. #.##
#.####..# .
.......#.# ..
##.##....#
.##. .###..#


You could see a scorpion.

Vanquished Creatures
  Robin (D:2)
  2 adders (D:2)
  A dart slug (D:1)
  7 endoplasms
  2 giant cockroaches (D:2)
  10 goblins
  8 hobgoblins
  3 jackals (D:1)
  3 quokkas (D:1)
  A ball python (D:1)
  4 bats (D:1)
  3 frilled lizards
  6 kobolds
  5 rats
  A spectral kobold (D:1)
57 creatures vanquished.

Notes
Turn   | Place    | Note
-------+----------+-------------------------------------------
     0 | D:1      | voltaire321 the Gargoyle Earth Elementalist began the quest
                  | for the Orb.
     0 | D:1      | Reached XP level 1. HP: 10/10 MP: 3/3
   370 | D:1      | Reached XP level 2. HP: 15/15 MP: 0/5
   713 | D:1      | Found a faded altar of an unknown god.
   722 | D:1      | Reached skill level 1 in Transmutations
   896 | D:1      | Reached skill level 1 in Fighting
   896 | D:1      | Reached XP level 3. HP: 20/20 MP: 4/6
  1108 | D:1      | Reached skill level 1 in Armour
  1142 | D:1      | Learned a level 2 spell: Passwall
  1146 | D:1      | Learned a level 3 spell: Stone Arrow
  1987 | D:2      | Found a sparkling altar of Nemelex Xobeh.
  2194 | D:2      | Reached skill level 4 in Earth Magic
  2194 | D:2      | Reached XP level 4. HP: 14/25 MP: 4/7
  2367 | D:2      | Noticed Robin
  2694 | D:2      | Killed Robin
  3048 | D:3      | Noticed a scorpion
  3064 | D:3      | Slain by a scorpion

Illustrated notes

Levels and vault maps discovered:
D:1:      dpeg_arrival_rooms_with_view, layout_basic,
          dreamdust_ecumenical_altar_drowned_temple
D:2:      layout_basic, basic_altar, st_stairs_11, kennysheep_generic_room_12,
          uniq_robin
D:3:      layout_basic, marbit_many_paths,
          chequers_temple_overflow_statue_of_worship, st_stairs_1,
          corexii_leaking_fountain, minmay_ruptured

Skill      XL: |  1  2  3 |
---------------+----------+-----
Transmutations | 1 |  1.5
Fighting       | 1 |  1.5
Armour         | 1 |  1.4
Dodging        | 2 |  2.1
Earth Magic    | 4 |  4.1
Maces & Flails | |  0.1
Stealth        | |  2.1
Spellcasting   | |  2.3
Conjurations   | |  0.8

Action                   |  1- 3 |  4- 6 || total
-------------------------+-------+-------++-------
Melee: Unarmed           |    17 |       ||    17
       Whip              |    71 |    44 ||   115
 Cast: Sandblast         |    39 |    11 ||    50
Armor: Robe              |    15 |       ||    15
       Ring mail         |    32 |    12 ||    44
Dodge: Dodged            |    52 |    19 ||    71

Table legend: (Time is in decaauts)
 A = Elapsed time spent in this place.
 B = Non-inter-level travel time spent in this place.
 C = Inter-level travel time spent in this place.
 D = Time resting spent in this place.
 E = Time spent auto-exploring this place.
 F = Levels seen in this place.
 G = Mean time per level.
                   A        B        C        D        E       F      G
               +--------+--------+--------+--------+--------+-----+--------+
         Total |   3076 |   3046 |     30 |   1393 |   1093 |   3 | 1025.3 |
       Dungeon |   3076 |   3046 |     30 |   1393 |   1093 |   3 | 1025.3 |
               +--------+--------+--------+--------+--------+-----+--------+

Top non-repeatable levels by time:
     D:2: 1853 daAuts
     D:1: 1163 daAuts
     D:3: 60 daAuts
